 Dungeon Crawl Stone Soup version 0.30-a0-567-gf7fd966b4a (webtiles) character file.

Game seed: 11030696298400958070

2363 Dirtsage the Transmogrifier (level 9, -1/69 HPs)
             Began as an Octopode Transmuter on Dec 28, 2022.
             Killed by divine providence
             ... invoked by an orc priest
              (12 damage)
             ... on level 6 of the Dungeon.
             The game lasted 00:25:15 (6628 turns).

Dirtsage the Transmogrifier (Octopode Transmuter)   Turns: 6628, Time: 00:25:15

Health: -1/69      AC:  8    Str: 15    XL:     9   Next: 44%
Magic:  23/23      EV: 11    Int: 19    God:
Gold:   479        SH:  0    Dex: 13    Spells: 5/14 levels left

rFire   x . .      SeeInvis .      - Unarmed
rCold   + + +      Faith    .    (shield currently unavailable)
rNeg    . . .      Spirit   .    (helmet currently unavailable)
rPois   +          Reflect  .    E - amulet of the acrobat
rElec   .          Harm     .    e - ring of willpower
rCorr   .          Rampage  .    o - ring of magical power
Will    +....                    F - +6 ring of strength
Stlth   +                        (no ring)
HPRegen 0.31/turn                (no ring)
MPRegen 0.18/turn                (no ring)
                                 (no ring)
                                 (no ring)

@: ice-form, wereblooded
A: freezing attack, boosted hp, almost no armour, amphibious, 8 rings, large,
(camouflage 1), (gelatinous body 1), (nimble swimmer 1), (tentacles)
a: End Transformation


You were on level 6 of the Dungeon.
You were a creature of crystalline ice.
You visited 1 branch of the dungeon, and saw 6 of its levels.
You also visited: Sewer and Ossuary.

You collected 479 gold pieces.

Inventory:

Hand Weapons
 B - the +10 long sword of the Fox {flame, Str+3 Int+4}
   (You found it on level 5 of the Dungeon)

   It burns those it strikes, dealing additional fire damage.
   Big, fiery blades are also staple armaments of hydra-hunters.
   Str:       It affects your strength (+3).
   Int:       It affects your intelligence (+4).
Missiles
 k - 2 curare-tipped darts
 G - 12 throwing nets
Jewellery
 e - a ring of willpower (left front paw)
 o - a ring of magical power (right front paw)
 E - an amulet of the acrobat (around neck)
 F - a +6 ring of strength (on tentacle)
Wands
 D - a wand of polymorph (5)
 H - a wand of flame (5)
Scrolls
 c - 3 scrolls of summoning {unknown}
 f - 4 scrolls of teleportation {unknown}
 g - 2 scrolls of blinking {unknown}
 m - a scroll of fog {unknown}
 p - 3 scrolls of poison {unknown}
 q - a scroll of fear {unknown}
 r - 2 scrolls of magic mapping {unknown}
 s - 2 scrolls of brand weapon {unknown}
 u - 2 scrolls of enchant weapon {unknown}
 x - 2 scrolls of amnesia {unknown}
 y - a scroll of enchant armour {unknown}
 I - a scroll of immolation {unknown}
Potions
 a - a potion of lignification
 b - 2 potions of invisibility {unknown}
 d - a potion of cancellation
 h - 4 potions of haste
 j - 5 potions of might {unknown}
 n - a potion of resistance
 t - 2 potions of magic {unknown}
 v - a potion of experience
 w - 3 potions of attraction {unknown}
 z - 2 potions of ambrosia {unknown}
 A - 3 potions of brilliance
 C - 4 potions of curing {unknown}


   Skills:
 + Level 3.9 Fighting
 + Level 3.7 Dodging
 + Level 5.0 Unarmed Combat
 + Level 3.4 Spellcasting
 * Level 8.0 Transmutations
 - Level 6.0 Ice Magic


You had 5 spell levels left.
You knew the following spells:

 Your Spells              Type           Power      Damage    Failure   Level
a - Beastly Appendage     Tmut           68%        N/A       1%          1
b - Wereblood             Tmut           34%        N/A       1%          2
c - Ice Form              Ice/Tmut       30%        N/A       9%          4
w - Passwall              Tmut/Erth      15%        N/A       4%          2

Your spell library contained the following spells:

 Spells                   Type           Power      Damage    Failure   Level
 Ensorcelled Hibernation  Hex/Ice        28%        N/A       6%          2
 Spider Form              Tmut/Pois      18%        N/A       9%          3
 Apportation              Tloc           6%         N/A       14%         1
 Ignite Poison            Fire/Tmut/Pois 13%        N/A       14%         3
 Sublimation of Blood     Necr           3%         N/A       22%         2
 Petrify                  Tmut/Erth      18%        N/A       28%         4
 Swiftness                Air            3%         N/A       41%         3
 Alistair's Intoxication  Tmut/Pois      12%        N/A       61%         5
 Irradiate                Conj/Tmut      9%         3d14      61%         5
 Anguish                  Hex/Necr       1%         N/A       82%         4
 Sticky Flame             Conj/Fire      3%         2d3       82%         4
 Ignition                 Fire           1%         3d3       100%        8


Dungeon Overview and Level Annotations

Branches:
Dungeon (6/15)              Sewer (visited)         Ossuary (visited)
 Temple: D:4-7

Altars:
Ashenzari
Cheibriados
Hepliaklqana
Makhleb

Shops:
D:5 [

Annotations:
D:5 3 runed translucent doors, Athor's ghost, novice FoFi; caveywoolpert's ghost, amateur DgEE


Innate Abilities, Weirdness & Mutations

You are a creature of crystalline ice.
You have a powerful freezing melee attack.
Your maximum health is increased.
Your armour is entirely melded.
You are incapable of wielding weapons or throwing items.
You cannot wear most types of armour.
You are amphibious.
You can wear up to eight rings at the same time.
((Your skin changes colour to match your surroundings (Stealth+).))
((Your rubbery body absorbs attacks. (AC +1, EV +1)))
((You are camouflaged when in or above water. (Stealth+)))
((You have tentacles for arms and can constrict up to eight enemies at once.))


Message History

You regained 3 hp, and now have 32/69 hp.
You punch the iguana! You freeze the iguana!
You feel a bit better.
You kill the iguana!
A necrophage comes into view.
You regained 3 hp, and now have 35/69 hp.
You hit the orc. You freeze the orc.
You feel a bit better.
You kill the orc!
The orc priest invokes the aid of Beogh against you.
Beogh smites you!
You take 9 damage, and have 26/69 hp.
You hit the orc priest. You freeze the orc priest.
The orc priest is lightly wounded.
You howl as the wereblood boils in your veins!
The orc priest misses you.
The orc priest calls down the wrath of Beogh upon you.
Beogh smites you!
* * * LOW HITPOINT WARNING * * *
You take 12 damage, and have 14/69 hp.
You completely miss the orc priest.
The orc priest is lightly wounded.
The orc priest hits you with a +2 falchion of freezing.
* * * LOW HITPOINT WARNING * * *
You take 5 damage, and have 9/69 hp.
You punch the orc priest! You freeze the orc priest.
The orc priest is almost dead.
The orc priest calls down the wrath of Beogh upon you.
You easily resist.
You completely miss the orc priest.
The orc priest is almost dead.
The orc priest looks braver for a moment.
You punch the orc priest! You freeze the orc priest.
You feel a bit better.
You kill the orc priest!
You regained 2 hp, and now have 11/69 hp.
MP restored: 23 You punch the necrophage!
You freeze the necrophage.
The necrophage is heavily damaged.
You howl as the wereblood boils in your veins!
The orc priest mumbles some strange prayers to Beogh against you.
Beogh smites you!
You die...

≈_≈#≈............................
≈≈≈#≈######......................
####≈..####......................
≈≈≈≈≈....)..)....................
........###.......##.....#####.#.
........# ##.###.###.....#####.#.
........# #..##.# #.........#.##
........# ##^##.# #.....###.#.#
........# .##Y# #.....# #.#.##
........# .##n# #.....# #.#...
...<)...#####.##.# #.....# #[#...
................o# #....?# #.#...
#######............###.### #.....
#................# ###...
#..........##..#.# #....
#......[...# l... ....##
#..........# .... .......


You could see a necrophage and an orc priest.

Vanquished Creatures
  Edmund (D:6)
  Menkaure (D:6)
  An orc warrior (D:6)
  An ice beast (D:5)
  An elf zombie (Ossuary)
  3 necrophages (D:4)
  3 gnoll sergeants (D:5)
  2 scorpions
  A centaur zombie (Ossuary)
  A human zombie (Ossuary)
  11 hounds
  3 orc priests (D:6)
  3 jellies (Sewer)
  3 gnoll boudas
  4 iguanas
  3 orc wizards
  2 mummies (Ossuary)
  22 gnolls
  3 river rats (Sewer)
  12 adders
  An adder zombie (Ossuary)
  4 worms
  3 dart slugs
  21 orcs
  14 endoplasms
  8 giant cockroaches
  8 goblins
  5 hobgoblins
  12 jackals
  2 quokkas
  13 ball pythons
  4 bats
  7 frilled lizards
  7 hobgoblin zombies (Ossuary)
  A jackal zombie (Ossuary)
  10 kobolds
  13 kobold zombies (Ossuary)
  10 orc zombies (Ossuary)
  8 rats
  2 rat zombies (Ossuary)
  A spectral kobold (D:4)
235 creatures vanquished.

Vanquished Creatures (others)
  6 withered plants (D:5)
6 creatures vanquished.

Grand Total: 241 creatures vanquished

Notes
Turn   | Place    | Note
-------+----------+-------------------------------------------
     0 | D:1      | Dirtsage the Octopode Transmuter began the quest for the
                  | Orb.
     0 | D:1      | Reached XP level 1. HP: 13/13 MP: 3/3
   140 | D:1      | Reached skill level 1 in Ice Magic
   140 | D:1      | Reached XP level 2. HP: 18/18 MP: 5/5
   221 | D:1      | Learned a level 2 spell: Wereblood
   385 | D:1      | Reached XP level 3. HP: 23/23 MP: 6/6
   661 | D:2      | Reached skill level 3 in Transmutations
  1331 | D:3      | Reached XP level 4. HP: 28/28 MP: 7/7
  1522 | D:3      | Learned a level 4 spell: Ice Form
  2066 | D:4      | Found a glowing drain.
  2080 | Sewer    | Entered a sewer
  2173 | Sewer    | Reached XP level 5. HP: 29/33 MP: 8/8
  2236 | Sewer    | Reached skill level 4 in Transmutations
  2545 | Sewer    | Found a viscous altar of Jiyva.
  2692 | Sewer    | Reached XP level 6. HP: 38/38 MP: 7/9
  2997 | D:4      | Reached skill level 5 in Transmutations
  3163 | D:4      | Reached XP level 7. HP: 34/43 MP: 10/10
  3329 | D:4      | Reached skill level 5 in Ice Magic
  3772 | D:4      | Found a burning altar of Makhleb.
  3891 | D:4      | Found a hazy altar of Hepliaklqana.
  4005 | D:5      | Entered Level 5 of the Dungeon
  4261 | D:5      | Reached skill level 6 in Transmutations
  4340 | D:5      | Reached XP level 8. HP: 50/50 MP: 11/11
  4448 | D:5      | Identified the +10 long sword of the Fox {flame, Str+3
                  | Int+4}
  4498 | D:5      | Found a sand-covered staircase.
  4502 | Ossuary  | Entered an ossuary
  4674 | Ossuary  | Learned a level 2 spell: Passwall
  4854 | D:5      | Found a runed translucent gate.
  4854 | D:5      | Found a runed translucent gate.
  4903 | D:5      | Found a runed translucent gate.
  5201 | D:5      | Found Ussacuq's Antique Armour Boutique.
  5219 | D:5      | Noticed caveywoolpert's ghost (amateur DgEE)
  5219 | D:5      | Noticed Athor's ghost (novice FoFi)
  5310 | D:5      | Reached skill level 7 in Transmutations
  5783 | D:5      | Reached XP level 9. HP: 57/57 MP: 13/13
  5917 | D:6      | Noticed Menkaure
  5932 | D:6      | Killed Menkaure
  6069 | D:6      | Found a snail-covered altar of Cheibriados.
  6069 | D:6      | Found a broken altar of Ashenzari.
  6390 | D:6      | Identified the -2 helmet of Pelumaq {Drain Str+2 Slay+6
                  | Stlth+}
  6496 | D:6      | Noticed Edmund
  6513 | D:6      | Killed Edmund
  6616 | D:6      | HP: 2/69 [orc warrior/+0 battleaxe (10)]
  6621 | D:6      | Reached skill level 5 in Unarmed Combat
  6621 | D:6      | Reached skill level 8 in Transmutations
  6628 | D:6      | Killed from afar by an orc priest

Illustrated notes

Levels and vault maps discovered:
D:1:      dpeg_arrival_boxes_within_box, layout_rooms
D:2:      layout_rooms, minmay_misc_feat_roman
D:3:      minmay_chambers_of_threes, layout_basic
D:4:      nicolae_cairo_tiling, layout_basic, mainiacjoe_overflow_alcove_2,
          nicolae_hepliaklqana_monster_ancestors, serial_glass, glass_columns_a,
          glass_columns_b, cheibrodos_sewer_entry_bend, minmay_misc_feat_cross,
          minmay_strange_pillars, kennysheep_potato
D:5:      layout_cave_pools, serial_shops, kennysheep_little_box,
          serial_gnoll_camp, gnoll_camp_mini_house, gnoll_camp_mini_doghouse,
          gnoll_camp_mini_loothouse, gnoll_camp_mini_house,
          gnoll_camp_mini_basic, gnoll_camp_medium_01, gammafunk_ghost_cemetery,
          enter_ossuary_5
D:6:      layout_basic, nicolae_overflow_two_pavilions, uniq_edmund,
          uniq_menkaure

Skill      XL: |  1  2  3  4  5  6  7  8  9 |
---------------+----------------------------+-----
Ice Magic      | 1 2 3 4 5 6 |  6.0
Transmutations | 3 4 5 6 7 8 |  8.0
Fighting       | 2 3 |  3.9
Unarmed Combat | 4 5 |  5.0
Dodging        | 3 |  3.7
Spellcasting   | 3 |  3.4

Action                   |  1- 3 |  4- 6 |  7- 9 || total
-------------------------+-------+-------+-------++-------
Melee: Unarmed           |    89 |   158 |   337 ||   584
       Constrict         |    22 |    30 |     8 ||    60
       Tentacles         |    19 |    24 |     3 ||    46
       Kick              |     9 |    35 |     6 ||    50
       Punch             |       |     4 |     2 ||     6
 Cast: Beastly Appendage |     8 |    25 |     2 ||    35
       Ice Form          |       |     7 |    27 ||    34
       Wereblood         |       |       |     5 ||     5
Evoke: Wand              |       |       |     2 ||     2
  Use: Scroll            |       |       |     5 ||     5
       Potion            |       |       |     2 ||     2
 Stab: Sleeping          |     1 |     3 |     2 ||     6
Armor: Skin              |     9 |    10 |   104 ||   123
Dodge: Dodged            |    51 |    51 |   182 ||   284

Table legend: (Time is in decaauts)
 A = Elapsed time spent in this place.
 B = Non-inter-level travel time spent in this place.
 C = Inter-level travel time spent in this place.
 D = Time resting spent in this place.
 E = Time spent auto-exploring this place.
 F = Levels seen in this place.
 G = Mean time per level.
                   A        B        C        D        E       F      G
               +--------+--------+--------+--------+--------+-----+--------+
         Total |   6590 |   6402 |    188 |   1053 |   3533 |   8 |  823.8 |
       Dungeon |   5515 |   5327 |    188 |    738 |   3311 |   6 |  919.2 |
         Sewer |    750 |    750 |      0 |    264 |    153 |   1 |  750.0 |
       Ossuary |    324 |    324 |      0 |     51 |     69 |   1 |  324.0 |
               +--------+--------+--------+--------+--------+-----+--------+

Top non-repeatable levels by time:
     D:4: 1448 daAuts
     D:5: 1204 daAuts
     D:3: 844 daAuts
     D:6: 830 daAuts
   Sewer: 750 daAuts
     D:2: 614 daAuts
     D:1: 573 daAuts
 Ossuary: 324 daAuts
